[Event "41st Jacques-Lemans-Open 2022"]
[Site "St. Veit/Glan"]
[Date "2022.07.09"]
[Round "1.21"]
[White "Enne, Harald"]
[Black "Lerch, Johannes"]
[Result "0-1"]
[ECO "E39"]
[WhiteElo "1919"]
[BlackElo "2222"]
[Annotator "RC"]
[PlyCount "151"]
[EventDate "2022.07.09"]
[EventType "swiss"]
[EventCountry "AUT"]
[SourceTitle "playchess.com"]
[Source "ChessBase"]
[SourceQuality "1"]
[TimeControl "40/5400+30:1800+30"]

1. d4 Nf6 2. c4 e6 3. Nc3 Bb4 4. Qc2 c5 5. dxc5 O-O 6. a3 Bxc5 7. Nf3 Nc6 8. e3 Be7 9. Bd3 h6 10. O-O a6 11. Rd1 Qc7 12. e4 Ne5 13. Nxe5 Qxe5 14. h3 Qc7 15. Qe2 d6 16. f4 Nd7 17. b4 b5 18. Bb2 bxc4 19. Bxc4 Qa7+ 20. Kh1 Nb6 21. Bd3 Rd8 22. Qf3 Bd7 23. Qg3 Bf8 24. f5 e5 25. f6 g6 26. Be2 Be6 27. h4 Kh7 28. Bc1 Qb7 29. h5 Rac8 30. hxg6+ fxg6 31. Nd5 Nxd5 32. exd5 Bxd5 33. Be3 Be4 34. Rac1 Bf5 35. Bf3 Qf7 36. Qh4 Rxc1 37. Rxc1 d5 38. Rc6 e4 39. Be2 d4 40. Bf4 d3 41. Bd1 a5 42. Rc7 Rd7 43. Rc8 Ra7 44. Bb3 Qxb3 45. Rxf8 Qd1+ 46. Kh2 Qh5 47. Qxh5 gxh5 48. Be3 Rd7 49. Bd2 axb4 50. axb4 e3 51. Bxe3 d2 52. Bxd2 Rxd2 53. f7 Kg7 54. Rh8 Kxf7 55. Rxh6 Bg6 56. Rh8 Kg7 57. Rc8 Be4 58. Rc5 Kh6 59. Kh3 Bxg2+ 60. Kg3 Be4 61. Kh4 Rh2+ 62. Kg3 Rg2+ 63. Kh4 Bg6 64. b5 Rb2 65. Re5 Rb4+ 66. Kg3 Kg7 67. Rc5 Kf6 68. Rc6+ Kg5 69. Rc5+ Bf5 70. Re5 Rb3+ 71. Kg2 Kg4 72. Kh2 Rb2+ 73. Kg1 h4 74. Re1 Rxb5 75. Kh2 Rb2+ 76. Kh1 0-1

[Event "41st Jacques-Lemans-Open 2022"]
[Site "St. Veit/Glan"]
[Date "2022.07.09"]
[Round "1.22"]
[White "Gschiel, Alexander"]
[Black "Hafner, Robert"]
[Result "1/2-1/2"]
[ECO "D11"]
[WhiteElo "2215"]
[BlackElo "1933"]
[Annotator "RC"]
[PlyCount "75"]
[EventDate "2022.07.09"]
[EventType "swiss"]
[EventCountry "AUT"]
[SourceTitle "playchess.com"]
[Source "ChessBase"]
[SourceQuality "1"]
[TimeControl "40/5400+30:1800+30"]

1. d4 d5 2. c4 c6 3. Nf3 Nf6 4. g3 Bf5 5. Bg2 e6 6. O-O Nbd7 7. Nbd2 h6 8. b3 Be7 9. Bb2 O-O 10. Ne5 Qb6 11. e3 Rfd8 12. Ndf3 Nxe5 13. Nxe5 Nd7 14. g4 Bh7 15. Nxd7 Rxd7 16. Qe2 Rc8 17. c5 Qc7 18. f4 b6 19. b4 a5 20. a3 Rb8 21. Bc3 axb4 22. axb4 Bf6 23. Ra6 bxc5 24. bxc5 Qc8 25. Rfa1 Rdb7 26. Qd2 Rb1+ 27. Bf1 Rxa1 28. Rxa1 Ra8 29. Rxa8 Qxa8 30. Ba5 Be4 31. Qb4 Bd8 32. Bb6 Qa1 33. Qd2 Bh4 34. Ba5 Qb1 35. Bc3 Kh7 36. Qb2 Qd1 37. Qe2 Qc1 38. Qd2 1/2-1/2

[Event "41st Jacques-Lemans-Open 2022"]
[Site "St. Veit/Glan"]
[Date "2022.07.09"]
[Round "1.23"]
[White "Huber, Mario"]
[Black "Wiens, Helmut"]
[Result "1/2-1/2"]
[ECO "B00"]
[WhiteElo "2125"]
[BlackElo "2196"]
[Annotator "RC"]
[PlyCount "50"]
[EventDate "2022.07.09"]
[EventType "swiss"]
[EventCountry "AUT"]
[SourceTitle "playchess.com"]
[Source "ChessBase"]
[SourceQuality "1"]
[TimeControl "40/5400+30:1800+30"]

1. e4 d6 2. Nf3 Nf6 3. c3 e5 4. d4 exd4 5. Qxd4 Be7 6. Bb5+ Bd7 7. Bxd7+ Qxd7 8. O-O Nc6 9. Qd1 O-O 10. Re1 Rfe8 11. Bg5 Ng4 12. Bf4 Bf6 13. Nbd2 Re7 14. Qc2 Rae8 15. Rad1 Nge5 16. Nd4 g6 17. h3 Qc8 18. Bh6 Nd7 19. Nxc6 bxc6 20. Qa4 Qb7 21. Qb3 Qa6 22. f3 Rb8 23. Qc4 Qb7 24. Qb3 Qa6 25. Qc4 Qb7 1/2-1/2

[Event "41st Jacques-Lemans-Open 2022"]
[Site "St. Veit/Glan"]
[Date "2022.07.09"]
[Round "1.24"]
[White "Ofner, Maximilian"]
[Black "Kuhn, Maximilian"]
[Result "1-0"]
[ECO "A09"]
[WhiteElo "2194"]
[BlackElo "1920"]
[Annotator "RC"]
[PlyCount "69"]
[EventDate "2022.07.09"]
[EventType "swiss"]
[EventCountry "AUT"]
[SourceTitle "playchess.com"]
[Source "ChessBase"]
[SourceQuality "1"]
[TimeControl "40/5400+30:1800+30"]

1. Nf3 d5 2. c4 d4 3. b4 g5 4. Bb2 Bg7 5. Nxg5 e5 6. Ne4 f5 7. Nc5 b6 8. Qa4+ Kf7 9. Nd3 Ne7 10. Na3 Re8 11. O-O-O a5 12. b5 Nd7 13. g4 e4 14. Nf4 Nc5 15. Qc2 Qd6 16. Nh5 Bh8 17. d3 fxg4 18. Ng3 exd3 19. exd3 Nf5 20. Bg2 Rb8 21. Bd5+ Kg6 22. Ne4 Qf4+ 23. Kb1 Bb7 24. Bc1 Qe5 25. Bxb7 Nxb7 26. h3 Nfd6 27. Nxd6 Nxd6 28. hxg4 Qe2 29. Rh6+ Kg7 30. Rdh1 Qxg4 31. Rxh7+ Kf6 32. R1h6+ Kf5 33. Rh4 Re2 34. Rxg4 Rxc2 35. Rg5+ 1-0

[Event "41st Jacques-Lemans-Open 2022"]
[Site "St. Veit/Glan"]
[Date "2022.07.09"]
[Round "1.25"]
[White "Holzbauer, Johannes"]
[Black "Mitscherling, Andreas"]
[Result "1/2-1/2"]
[ECO "A45"]
[WhiteElo "1917"]
[BlackElo "2165"]
[Annotator "RC"]
[PlyCount "55"]
[EventDate "2022.07.09"]
[EventType "swiss"]
[EventCountry "AUT"]
[SourceTitle "playchess.com"]
[Source "ChessBase"]
[SourceQuality "1"]
[TimeControl "40/5400+30:1800+30"]

1. d4 Nf6 2. Bf4 d5 3. c3 e6 4. e3 Bd6 5. Bg3 c5 6. Nd2 Nc6 7. Ngf3 O-O 8. Bd3 b6 9. Ne5 Bb7 10. O-O Qc7 11. f4 Ne7 12. Qf3 Nf5 13. Bf2 Be7 14. Ng4 Nxg4 15. Qxg4 Nd6 16. Qh3 Ne4 17. g4 f5 18. Nf3 a5 19. Bxe4 dxe4 20. Ng5 Bxg5 21. fxg5 Ba6 22. Rfe1 Qe7 23. Qh4 Bd3 24. Bg3 fxg4 25. Bf4 cxd4 26. cxd4 Rac8 27. Rac1 e5 28. Rxc8 1/2-1/2

[Event "41st Jacques-Lemans-Open 2022"]
[Site "St. Veit/Glan"]
[Date "2022.07.09"]
[Round "1.27"]
[White "Vlasak, Reinhard"]
[Black "Koelber, Daniel"]
[Result "0-1"]
[ECO "B94"]
[WhiteElo "1915"]
[BlackElo "2176"]
[Annotator "RC"]
[PlyCount "52"]
[EventDate "2022.07.09"]
[EventType "swiss"]
[EventCountry "AUT"]
[SourceTitle "playchess.com"]
[Source "ChessBase"]
[SourceQuality "1"]
[TimeControl "40/5400+30:1800+30"]

1. e4 c5 2. Nf3 d6 3. d4 cxd4 4. Nxd4 Nf6 5. Nc3 a6 6. Bg5 Nbd7 7. f4 Qa5 8. Qf3 h6 9. Bh4 e5 10. Nb3 Qc7 11. O-O-O exf4 12. Bxf6 Nxf6 13. Nd5 Nxd5 14. exd5 Be7 15. Kb1 Bf5 16. Bd3 Bxd3 17. Rxd3 O-O 18. Qxf4 Bf6 19. Nd4 Rac8 20. c3 Qb6 21. Nf5 Rxc3 22. Nxh6+ Kh8 23. Ng4 Rxd3 24. Nxf6 Qd4 25. Ne4 Re8 26. Re1 Rd1+ 0-1

[Event "41st Jacques-Lemans-Open 2022"]
[Site "St. Veit/Glan"]
[Date "2022.07.09"]
[Round "1.28"]
[White "Frank, Emanuel"]
[Black "Ganauser, Eduard"]
[Result "1-0"]
[ECO "E40"]
[WhiteElo "2160"]
[BlackElo "1914"]
[Annotator "RC"]
[PlyCount "33"]
[EventDate "2022.07.09"]
[EventType "swiss"]
[EventCountry "AUT"]
[SourceTitle "playchess.com"]
[Source "ChessBase"]
[SourceQuality "1"]
[TimeControl "40/5400+30:1800+30"]

1. d4 Nf6 2. c4 e6 3. Nc3 Bb4 4. e3 Bxc3+ 5. bxc3 d6 6. Bd3 Nbd7 7. Ne2 b6 8. O-O Bb7 9. Ng3 O-O 10. e4 h6 11. f4 e5 12. Qf3 Nh7 13. Nf5 Qf6 14. fxe5 dxe5 15. Qg4 g5 16. Qh5 Qe6 17. d5 1-0

[Event "41st Jacques-Lemans-Open 2022"]
[Site "St. Veit/Glan"]
[Date "2022.07.09"]
[Round "1.29"]
[White "Ebner, Johann"]
[Black "Schein, Karl-Heinz"]
[Result "0-1"]
[ECO "D10"]
[WhiteElo "1907"]
[BlackElo "2167"]
[Annotator "RC"]
[PlyCount "76"]
[EventDate "2022.07.09"]
[EventType "swiss"]
[EventCountry "AUT"]
[SourceTitle "playchess.com"]
[Source "ChessBase"]
[SourceQuality "1"]
[TimeControl "40/5400+30:1800+30"]

1. d4 d5 2. c4 c6 3. cxd5 cxd5 4. Nf3 Nf6 5. Nc3 Nc6 6. Bf4 e6 7. e3 Bd6 8. Bg3 O-O 9. Bd3 a6 10. a3 b5 11. b4 Bb7 12. O-O Bxg3 13. hxg3 Nd7 14. Qb3 Qe7 15. Rab1 Rfb8 16. e4 dxe4 17. Nxe4 Nd8 18. Nc5 Bd5 19. Qc2 h6 20. Ne5 Nxe5 21. dxe5 Nb7 22. Rbc1 Rc8 23. Bh7+ Kh8 24. Be4 Nxc5 25. Bxd5 exd5 26. bxc5 Rc6 27. Qb2 Rac8 28. Rc2 Rxc5 29. Qb4 Qc7 30. Re2 Rc4 31. Qb2 Rc1 32. Ree1 Rxe1 33. Rxe1 Qc3 34. Qe2 d4 35. Rd1 Rd8 36. e6 fxe6 37. Qxe6 Qxa3 38. Qb6 Qd6 0-1

[Event "41st Jacques-Lemans-Open 2022"]
[Site "St. Veit/Glan"]
[Date "2022.07.09"]
[Round "1.30"]
[White "Miazhynski, Yuri"]
[Black "Milde, Lars"]
[Result "1-0"]
[ECO "B01"]
[WhiteElo "2166"]
[BlackElo "1892"]
[Annotator "RC"]
[PlyCount "75"]
[EventDate "2022.07.09"]
[EventType "swiss"]
[EventCountry "AUT"]
[SourceTitle "playchess.com"]
[Source "ChessBase"]
[SourceQuality "1"]
[TimeControl "40/5400+30:1800+30"]

1. e4 d5 2. exd5 Qxd5 3. Nf3 Bg4 4. Be2 Nc6 5. O-O O-O-O 6. b4 Nf6 7. b5 Nd4 8. Nxd4 Qxd4 9. Nc3 Bxe2 10. Qxe2 e6 11. Qe3 Qxe3 12. fxe3 Bb4 13. Nb1 Rd5 14. a4 Re8 15. h3 e5 16. d3 e4 17. d4 Re7 18. c4 Rg5 19. Bd2 Bxd2 20. Nxd2 Nd7 21. Rf4 f5 22. Raf1 g6 23. Ra1 Nf6 24. Nf1 Nh5 25. Rf2 Ng3 26. Nxg3 Rxg3 27. Re1 c6 28. Kh2 Rg5 29. Rb1 Rc7 30. b6 axb6 31. Rxb6 h5 32. c5 h4 33. a5 Rg3 34. Re2 Rd7 35. a6 bxa6 36. Rxc6+ Kb7 37. Rb6+ Ka7 38. Ra2 1-0

[Event "41st Jacques-Lemans-Open 2022"]
[Site "St. Veit/Glan"]
[Date "2022.07.09"]
[Round "1.31"]
[White "Praxmarer, Christian"]
[Black "Schwab, Lukas"]
[Result "1/2-1/2"]
[ECO "A03"]
[WhiteElo "1906"]
[BlackElo "2166"]
[Annotator "RC"]
[PlyCount "62"]
[EventDate "2022.07.09"]
[EventType "swiss"]
[EventCountry "AUT"]
[SourceTitle "playchess.com"]
[Source "ChessBase"]
[SourceQuality "1"]
[TimeControl "40/5400+30:1800+30"]

1. f4 d5 2. Nf3 Nf6 3. g3 c5 4. Bg2 g6 5. O-O Bg7 6. d3 O-O 7. Qe1 d4 8. Nbd2 Nd5 9. Nc4 Nc6 10. e4 dxe3 11. Nxe3 Nxe3 12. Qxe3 Nd4 13. Qf2 Qc7 14. Ne5 Be6 15. c3 Nb5 16. Be3 Rac8 17. a4 Nd6 18. d4 Nc4 19. Nxc4 Bxc4 20. Rfd1 cxd4 21. Bxd4 b6 22. Bxg7 Kxg7 23. Rd2 Rfd8 24. Rd4 Rxd4 25. Qxd4+ Kg8 26. Rd1 Bb3 27. Rd2 Qc5 28. Qxc5 Rxc5 29. Rd7 Ra5 30. Bc6 e6 31. Rd4 Rc5 1/2-1/2

[Event "41st Jacques-Lemans-Open 2022"]
[Site "St. Veit/Glan"]
[Date "2022.07.09"]
[Round "1.32"]
[White "Sucher, Johannes"]
[Black "Kerschenbauer, Franz"]
[Result "1-0"]
[ECO "B06"]
[WhiteElo "2164"]
[BlackElo "1898"]
[Annotator "RC"]
[PlyCount "43"]
[EventDate "2022.07.09"]
[EventType "swiss"]
[EventCountry "AUT"]
[SourceTitle "playchess.com"]
[Source "ChessBase"]
[SourceQuality "1"]
[TimeControl "40/5400+30:1800+30"]

1. d4 g6 2. e4 Bg7 3. Nc3 d6 4. Bg5 c5 5. Bb5+ Nd7 6. Nf3 a6 7. Be2 cxd4 8. Nxd4 Ngf6 9. Qd2 h6 10. Be3 b5 11. a3 Bb7 12. f3 Nb6 13. O-O Kf8 14. Rad1 Kg8 15. e5 Nfd5 16. f4 Nxe3 17. Qxe3 Kh7 18. f5 Nd5 19. Nxd5 Bxd5 20. e6 Bxd4 21. Qxd4 fxe6 22. fxg6+ 1-0

[Event "41st Jacques-Lemans-Open 2022"]
[Site "St. Veit/Glan"]
[Date "2022.07.09"]
[Round "1.33"]
[White "Wiener, Alexander"]
[Black "Besner, Bernhard"]
[Result "0-1"]
[ECO "B01"]
[WhiteElo "1896"]
[BlackElo "2164"]
[Annotator "RC"]
[PlyCount "102"]
[EventDate "2022.07.09"]
[EventType "swiss"]
[EventCountry "AUT"]
[SourceTitle "playchess.com"]
[Source "ChessBase"]
[SourceQuality "1"]
[TimeControl "40/5400+30:1800+30"]

1. e4 d5 2. exd5 Qxd5 3. Nc3 Qa5 4. Bc4 Nf6 5. d3 c6 6. Nf3 Bg4 7. h3 Qh5 8. Qe2 Nbd7 9. Bf4 e6 10. O-O-O Bxf3 11. gxf3 Qf5 12. Bg3 Nb6 13. Bb3 Be7 14. Kb1 O-O-O 15. Ne4 Rd7 16. Rdg1 g6 17. h4 Nbd5 18. Ng5 Nh5 19. Bxd5 Rxd5 20. Ne4 Rhd8 21. Qe3 Ra5 22. Bh2 Qb5 23. Nc3 Qf5 24. Rg4 Bc5 25. Qe2 Be7 26. Rhg1 h6 27. Rc4 Bd6 28. Bxd6 Rxd6 29. Ne4 Rd8 30. Qe3 Kb8 31. b4 Rad5 32. Rc5 Nf4 33. Rg4 e5 34. Rxd5 Nxd5 35. Qxh6 Qxf3 36. Rg1 Nxb4 37. Qg5 Re8 38. Nf6 Qxf2 39. Rg2 Qe1+ 40. Kb2 Rc8 41. Nd7+ Ka8 42. Qxe5 Qxh4 43. Rh2 Qd8 44. Qd6 Nd5 45. c4 Nb6 46. Nxb6+ Qxb6+ 47. Kc3 Qa5+ 48. Kb3 Rd8 49. Qf6 a6 50. d4 Re8 51. Rh3 Re2 0-1

[Event "41st Jacques-Lemans-Open 2022"]
[Site "St. Veit/Glan"]
[Date "2022.07.09"]
[Round "1.34"]
[White "Kienboeck, Benjamin"]
[Black "Blasge, Tobias"]
[Result "1-0"]
[ECO "B12"]
[WhiteElo "2151"]
[BlackElo "1826"]
[Annotator "RC"]
[PlyCount "83"]
[EventDate "2022.07.09"]
[EventType "swiss"]
[EventCountry "AUT"]
[SourceTitle "playchess.com"]
[Source "ChessBase"]
[SourceQuality "1"]
[TimeControl "40/5400+30:1800+30"]

1. e4 c6 2. d4 d5 3. e5 Bf5 4. h4 h5 5. Bd3 Bxd3 6. Qxd3 e6 7. Nf3 c5 8. O-O Nc6 9. Re1 Be7 10. Bg5 Bxg5 11. hxg5 Nxd4 12. Nxd4 cxd4 13. g6 Qb6 14. gxf7+ Kxf7 15. Qf3+ Ke7 16. Qg3 Kd7 17. a4 Ne7 18. Ra3 h4 19. Qd3 Qb4 20. Nd2 b6 21. a5 Nf5 22. Rea1 Rhc8 23. axb6 Qxb6 24. Nf3 Qxb2 25. Ng5 Rc7 26. Nxe6 Qxc2 27. Nxc7 Qxd3 28. Rxd3 Kxc7 29. Rf3 g6 30. Ra6 Ne7 31. Rf7 Kd7 32. Rd6+ Ke8 33. Rh7 Rc8 34. Rh8+ Kf7 35. Rxc8 Nxc8 36. Rxd5 Ke6 37. Rxd4 Kxe5 38. Rxh4 Nb6 39. Rh7 a5 40. Rg7 Kf5 41. Rb7 Nc4 42. Rc7 1-0

[Event "41st Jacques-Lemans-Open 2022"]
[Site "St. Veit/Glan"]
[Date "2022.07.09"]
[Round "1.35"]
[White "Tumanyan, Gor"]
[Black "Hoffmann, Sebastian"]
[Result "1-0"]
[ECO "C50"]
[WhiteElo "1884"]
[BlackElo "2148"]
[Annotator "RC"]
[PlyCount "65"]
[EventDate "2022.07.09"]
[EventType "swiss"]
[EventCountry "AUT"]
[SourceTitle "playchess.com"]
[Source "ChessBase"]
[SourceQuality "1"]
[TimeControl "40/5400+30:1800+30"]

1. e4 e5 2. Nf3 Nc6 3. Bc4 Bc5 4. O-O Nf6 5. d4 Bxd4 6. Nxd4 Nxd4 7. f4 d6 8. fxe5 dxe5 9. Bg5 Qe7 10. Rf2 Be6 11. Na3 O-O-O 12. Qf1 Rhg8 13. Kh1 Bxc4 14. Nxc4 Ne6 15. Bxf6 gxf6 16. Ne3 Nf4 17. g3 Qc5 18. Re1 Ne6 19. Nd5 Kb8 20. b4 Qf8 21. Rxf6 Ng5 22. Qf5 Qe8 23. h4 Ne6 24. Qxe5 Qd7 25. Ref1 Nd4 26. Kh2 Nc6 27. Qf5 Qe8 28. Rxf7 Ne5 29. Re7 Ng4+ 30. Qxg4 Rxg4 31. Rxe8 Rxe8 32. Nf6 Rgxe4 33. Nxe4 1-0

[Event "41st Jacques-Lemans-Open 2022"]
[Site "St. Veit/Glan"]
[Date "2022.07.09"]
[Round "1.36"]
[White "Leitner, Gerald"]
[Black "Gockner, Martin"]
[Result "0-1"]
[ECO "A05"]
[WhiteElo "2145"]
[BlackElo "1879"]
[Annotator "RC"]
[PlyCount "78"]
[EventDate "2022.07.09"]
[EventType "swiss"]
[EventCountry "AUT"]
[SourceTitle "playchess.com"]
[Source "ChessBase"]
[SourceQuality "1"]
[TimeControl "40/5400+30:1800+30"]

1. Nf3 Nf6 2. c4 g6 3. Nc3 Bg7 4. e4 d6 5. d4 O-O 6. h3 Nc6 7. Be3 a6 8. Be2 e5 9. d5 Ne7 10. g4 c6 11. Nd2 cxd5 12. cxd5 b5 13. a3 Rb8 14. b4 Nd7 15. Rc1 Nb6 16. g5 Bd7 17. h4 f5 18. gxf6 Rxf6 19. Bg4 Rc8 20. Bxd7 Nxd7 21. Ne2 Rf7 22. Rxc8 Qxc8 23. Qc1 Qb7 24. Nb3 Nf6 25. Na5 Qd7 26. f3 Rf8 27. Kd2 Rc8 28. Qb1 Nexd5 29. exd5 Nxd5 30. Qb3 Qf7 31. Rc1 Rxc1 32. Nxc1 Qxf3 33. Bg5 Qg2+ 34. Ne2 h6 35. Be7 h5 36. Bg5 Kh7 37. Qd3 e4 38. Qg3 Bc3+ 39. Kd1 Qf1+ 0-1

[Event "41st Jacques-Lemans-Open 2022"]
[Site "St. Veit/Glan"]
[Date "2022.07.10"]
[Round "2.1"]
[White "Bosiocic, Marin"]
[Black "Kienboeck, Benjamin"]
[Result "1-0"]
[ECO "A06"]
[WhiteElo "2549"]
[BlackElo "2151"]
[Annotator "TA"]
[PlyCount "87"]
[EventDate "2022.07.09"]
[EventType "swiss"]
[EventCountry "AUT"]
[SourceTitle "playchess.com"]
[Source "ChessBase"]
[SourceQuality "1"]
[TimeControl "40/5400+30:1800+30"]

1. Nf3 d5 2. g3 g6 3. Bg2 Bg7 4. O-O e5 5. d3 Ne7 6. e4 O-O 7. b4 {[%emt 0:00:28] A07: Réti Opening: New York and Capablanca Systems.} Nbc6 8. c3 a6 9. Qc2 {[%emt 0:03:03] The position is equal.} Bg4 10. Nbd2 Qd7 11. Re1 Rad8 12. Bb2 {[%emt 0:02:52] [#]} dxe4 $146 ({Predecessor:} 12... f5 13. exd5 Nxd5 14. a3 Nb6 15. Ng5 Qxd3 16. Qb3+ Kh8 17. Bc1 e4 18. Ra2 Ne5 {0-1 (24) Saber,Y (2173)-Cruz,J (2424) Barcelona 2017}) 13. dxe4 Qd3 14. Qxd3 Rxd3 15. h3 Bxf3 16. Nxf3 Rfd8 17. Nh2 Nc8 (17... Rd2 $5 18. Reb1 f5 $11) 18. Ng4 Nb6 ({Black should play} 18... Rd2 $1 $11 19. Bc1 Rc2) 19. Bf1 $1 $14 R3d7 20. a4 h5 21. Ne3 Bh6 22. Bc1 a5 23. Nd5 (23. b5 $5 Ne7 24. c4 $16) 23... Kg7 24. Nxb6 cxb6 25. b5 (25. Bxh6+ $11 Kxh6 26. bxa5) 25... Nb8 $15 26. f4 Rc7 27. c4 (27. fxe5 Bxc1 28. Raxc1 Re8 $17) 27... Kh7 28. c5 bxc5 29. b6 Rc6 30. Rb1 Rd4 {[%emt 0:01:31] Prevents Bc4.} (30... c4 $17 {Threatens to win with ...exf4.} 31. Rb5 exf4 32. gxf4 c3 33. Rxa5 Rxb6) 31. Be3 Rb4 ({Much weaker is} 31... Rxa4 32. Bb5 Ra3 33. Bxc6 Nxc6 34. Kg2 $17) 32. Bb5 $36 {[%emt 0:00:13][%mdl 2048] White fights for an advantage.} exf4 (32... Rc8 $11 {keeps the balance.}) 33. Bxc6 {[%emt 0:01:48][%cal Oe3c5] White is more active.} (33. Rxb4 {keeps more tension.} cxb4 34. Bxc6 fxe3 35. Bb5) 33... Nxc6 (33... fxe3 $16 34. Rxb4 (34. Bxb7 Nd7 $11) 34... cxb4) 34. Rxb4 $18 axb4 35. Bxc5 fxg3 $11 {[%emt 0:00:31][%mdl 4096] Endgame KRB-KBN} 36. Rd1 b3 (36... Bf4 $16) 37. Rb1 $18 Na5 38. Kg2 {[%emt 0:00:57][%mdl 1024] Hoping for Bb4. White has strong compensation.} Bg7 $2 (38... Bd2 {is a better chance.}) 39. Bb4 {[%emt 0:00:32][%mdl 64] [#] Deflection. White is clearly winning.} Nc4 40. a5 b2 41. a6 Nxb6 42. axb7 Be5 {[%emt 0:00:56] [#]} 43. Rxb2 $3 Nc4 (43... Bb8 44. Rd2) 44. Rb3 {[%emt 0:00:00] Weighted Error Value: White=0.16 (very precise) /Black=0.41} 1-0

[Event "41st Jacques-Lemans-Open 2022"]
[Site "St. Veit/Glan"]
[Date "2022.07.10"]
[Round "2.2"]
[White "Wiedner, Robert"]
[Black "Rogic, Davor"]
[Result "0-1"]
[ECO "D45"]
[WhiteElo "2133"]
[BlackElo "2474"]
[Annotator "RC"]
[PlyCount "64"]
[EventDate "2022.07.09"]
[EventType "swiss"]
[EventCountry "AUT"]
[SourceTitle "playchess.com"]
[Source "ChessBase"]
[SourceQuality "1"]
[TimeControl "40/5400+30:1800+30"]

1. d4 Nf6 2. c4 e6 3. Nf3 d5 4. Nc3 c6 5. e3 Nbd7 6. a3 Bd6 7. b4 dxc4 8. Bxc4 O-O 9. Bb2 Qe7 10. Qc2 h6 11. Nd2 b6 12. e4 e5 13. d5 Bb7 14. dxc6 Bxc6 15. Nb5 Bxb5 16. Bxb5 Rfc8 17. Qb3 a5 18. bxa5 Nc5 19. Qf3 bxa5 20. a4 Rab8 21. O-O Nxa4 22. Ba6 Rc6 23. Rxa4 Rxb2 24. Nc4 Rb4 25. Nxd6 Qxd6 26. Rxb4 Qxb4 27. Bd3 a4 28. h3 Qb2 29. Qe2 a3 30. Qxb2 axb2 31. f3 Rc1 32. Kf2 Nd7 0-1

[Event "41st Jacques-Lemans-Open 2022"]
[Site "St. Veit/Glan"]
[Date "2022.07.10"]
[Round "2.3"]
[White "Bauer, Sebastian"]
[Black "Schwab, Rene"]
[Result "0-1"]
[ECO "B12"]
[WhiteElo "2380"]
[BlackElo "2124"]
[Annotator "RC"]
[PlyCount "68"]
[EventDate "2022.07.09"]
[EventType "swiss"]
[EventCountry "AUT"]
[SourceTitle "playchess.com"]
[Source "ChessBase"]
[SourceQuality "1"]
[TimeControl "40/5400+30:1800+30"]

1. e4 c6 2. d4 d5 3. e5 a5 4. a4 Na6 5. Nf3 Bg4 6. Nbd2 Nc7 7. Be2 g6 8. O-O Bh6 9. c4 Bxd2 10. Qxd2 dxc4 11. Ra3 Be6 12. Ng5 Bd5 13. Qc2 b5 14. f4 Nh6 15. g4 Ne6 16. Rh3 Nxd4 17. Qd1 Nxe2+ 18. Qxe2 c3 19. Rd1 bxa4 20. bxc3 Qb6+ 21. Be3 Qb3 22. Rxh6 O-O-O 23. Rxh7 Rxh7 24. Nxh7 a3 25. Qa6+ Kd7 26. Qa7+ Ke8 27. Qd4 Qb2 28. Bf2 Qe2 29. Ng5 Qxg4+ 30. Bg3 Qe2 31. Rd2 Qxd2 32. Qxd2 Bb3 33. Ne4 Rxd2 34. Nxd2 a4 0-1

[Event "41st Jacques-Lemans-Open 2022"]
[Site "St. Veit/Glan"]
[Date "2022.07.10"]
[Round "2.4"]
[White "Praznik, Niko"]
[Black "Zoernpfenning, Siegfried"]
[Result "1-0"]
[ECO "A30"]
[WhiteElo "2325"]
[BlackElo "2114"]
[Annotator "RC"]
[PlyCount "99"]
[EventDate "2022.07.09"]
[EventType "swiss"]
[EventCountry "AUT"]
[SourceTitle "playchess.com"]
[Source "ChessBase"]
[SourceQuality "1"]
[TimeControl "40/5400+30:1800+30"]

1. c4 c5 2. g3 Nc6 3. Bg2 Nf6 4. Nc3 g6 5. e4 Bg7 6. Nge2 d6 7. d3 a6 8. a4 Rb8 9. O-O O-O 10. h3 Ne8 11. Be3 Nc7 12. d4 cxd4 13. Nxd4 Ne6 14. Nde2 Bd7 15. Rb1 Na5 16. b3 b5 17. cxb5 axb5 18. b4 Nc4 19. a5 Nc7 20. Bg5 h6 21. Bc1 Kh7 22. Nd5 Nxd5 23. exd5 Qc8 24. g4 f5 25. g5 f4 26. Nxf4 Bf5 27. Rb3 Ne5 28. Rg3 Qc4 29. gxh6 Bxh6 30. Ne6 Rg8 31. Bxh6 Kxh6 32. Qd2+ Kh7 33. Rc1 Qh4 34. Qg5 Qxg5 35. Nxg5+ Kg7 36. Rc7 Rge8 37. Nf3 Rbc8 38. Rxc8 Rxc8 39. Nxe5 Rc1+ 40. Kh2 dxe5 41. Ra3 Rc7 42. Bf1 Be4 43. Bg2 Bc2 44. a6 Ra7 45. Rc3 Bf5 46. Rc6 Bd7 47. Rb6 Bc8 48. d6 Kf7 49. Bb7 Bd7 50. dxe7 1-0

[Event "41st Jacques-Lemans-Open 2022"]
[Site "St. Veit/Glan"]
[Date "2022.07.10"]
[Round "2.5"]
[White "Hofstadler, Mario"]
[Black "Schernthaner, David"]
[Result "1/2-1/2"]
[ECO "D73"]
[WhiteElo "2123"]
[BlackElo "2319"]
[Annotator "RC"]
[PlyCount "35"]
[EventDate "2022.07.09"]
[EventType "swiss"]
[EventCountry "AUT"]
[SourceTitle "playchess.com"]
[Source "ChessBase"]
[SourceQuality "1"]
[TimeControl "40/5400+30:1800+30"]

1. d4 Nf6 2. Nf3 g6 3. c4 Bg7 4. g3 d5 5. Bg2 dxc4 6. Na3 c3 7. bxc3 O-O 8. O-O c5 9. Nc4 Nc6 10. Ba3 Be6 11. Nce5 Ne4 12. Nxc6 bxc6 13. Qc2 Qa5 14. Bb2 Nd6 15. Nd2 Rfc8 16. Nb3 Bxb3 17. axb3 Qb6 18. dxc5 1/2-1/2

[Event "41st Jacques-Lemans-Open 2022"]
[Site "St. Veit/Glan"]
[Date "2022.07.10"]
[Round "2.6"]
[White "Hresc, Vladimir"]
[Black "Wendl, Philipp"]
[Result "1-0"]
[ECO "D01"]
[WhiteElo "2308"]
[BlackElo "2097"]
[Annotator "RC"]
[PlyCount "73"]
[EventDate "2022.07.09"]
[EventType "swiss"]
[EventCountry "AUT"]
[SourceTitle "playchess.com"]
[Source "ChessBase"]
[SourceQuality "1"]
[TimeControl "40/5400+30:1800+30"]

1. Nc3 d5 2. d4 Nf6 3. Bg5 c5 4. e3 e6 5. Nf3 Nc6 6. a3 cxd4 7. exd4 Be7 8. Bd3 a6 9. O-O h6 10. Be3 Qc7 11. Re1 Bd7 12. Qd2 Bd6 13. h3 g5 14. Nxg5 hxg5 15. Bxg5 Nh5 16. Nxd5 Qa5 17. Qxa5 Nxa5 18. Nb6 Rb8 19. d5 Rg8 20. Bd2 Nf4 21. Bxf4 Bxf4 22. b4 Bd2 23. Re2 Bc3 24. Rd1 Nc6 25. Nxd7 Kxd7 26. dxc6+ Kxc6 27. Be4+ Kc7 28. Re3 Bg7 29. Red3 f5 30. Bf3 e5 31. Rd7+ Kc8 32. Rf7 e4 33. Be2 Bb2 34. Rdd7 b5 35. Rc7+ Kd8 36. Rfd7+ Ke8 37. Bh5+ 1-0